 Dungeon Crawl Stone Soup version 0.29-a0-323-g050149af67 (webtiles) character file.

Game seed: 5424957115895358801

4854 spaghetti the Covert (level 10, -5/93 (117) HPs)
             Began as a Demonspawn Brigand on Apr 11, 2022.
             Was a Follower of Hepliaklqana.
             Killed by divine providence
             ... invoked by an orc priest
              (13 damage)
             ... on level 7 of the Dungeon.
             The game lasted 00:19:01 (9495 turns).

spaghetti the Covert (Demonspawn Brigand)           Turns: 9495, Time: 00:19:01

HP:   -5/93 (117)   AC: 18    Str: 10 (11) XL:     10   Next: 25%
MP:   10/10         EV: 10    Int: 14 (15) God:    Hepliaklqana [*.....]
Gold: 44            SH:  4    Dex: 20 (22) Spells: 9/9 levels left

rFire   . . .      SeeInvis .   c - +4 short sword (elec) {short}
rCold   + . .      Faith    .   y - +0 buckler
rNeg    + . .      Spirit   .   m - +0 leather armour of Masochism {rPois rC+ rN+}
rPois   +          Reflect  .   n - +0 helmet
rElec   .          Harm     .   v - +3 cloak of the Slorg {Int+3 Dex+2}
rCorr   .          Rampage  .   f - +0 pair of gloves "Daerphyef" {+Inv Stlth+}
Will    .....                   E - +1 pair of boots {Fly}
Stlth   ..........              (no amulet)
HPRegen 0.25/turn               (no ring)
MPRegen 0.12/turn               (no ring)

@: berserking, sanguine armoured, flying, heavily drained, very quick
A: reduced essence, ignite blood 1, powered by pain 1, sanguine armour 2,
demonic touch 2, deformed body
a: Renounce Religion, Evoke Invisibility, Recall Ancestor, Ancestor Identity


You were on level 7 of the Dungeon.
You worshipped Hepliaklqana.
Hepliaklqana was aware of your devotion.
You visited 2 branches of the dungeon, and saw 8 of its levels.
You also visited: Sewer and Ossuary.

You collected 397 gold pieces.
You spent 353 gold pieces at shops.


Innate Abilities, Weirdness & Mutations

Your life essence is reduced to manifest your ancestor. (-10% HP)
Your demonic aura sometimes causes spilled blood to erupt in flames.
You sometimes gain a little power by taking damage.
When seriously injured, your blood forms thick armour. (AC +9)
Your touch may inflict irresistible damage on your foes.
Armour fits poorly on your strangely shaped body.


   Skills:
 + Level 11.0 Fighting
 + Level 5.3 Short Blades
 - Level 1.7 Throwing
 - Level 0.8 Dodging
 + Level 12.2 Stealth
 + Level 5.1 Evocations


You had 9 spell levels left.
You didn't know any spells.
Your spell library contained the following spells:

 Spells                   Type           Power      Damage    Failure   Level
 Portal Projectile        Hex/Tloc       0%         N/A       85%         3
 Blade Hands              Tmut           0%         N/A       100%        5
 Excruciating Wounds      Necr           0%         N/A       100%        5

Inventory:

Hand Weapons
 c - a +4 short sword of electrocution (weapon) {short}
   (You found it on level 5 of the Dungeon)
 z - a +0 rapier {short}
   (You found it on level 6 of the Dungeon)
Missiles
 d - 12 poisoned darts (quivered) {throwing}
 e - 2 curare-tipped darts {=fthrowing}
 h - 175 stones {throwing}
 x - 6 boomerangs {throwing}
Armour
 f - the +0 pair of gloves "Daerphyef" (worn) {+Inv Stlth+}
   (You acquired it on level 1 of the Dungeon)

   +Inv:      It lets you turn invisible.
   Stlth:     It makes you more stealthy.
 m - the +0 leather armour of Masochism (worn) {rPois rC+ rN+}
   (You bought it in a shop on level 6 of the Dungeon)

   rC:        It protects you from cold.
   rPois:     It protects you from poison.
   rN:        It protects you from negative energy.
 n - a +0 helmet (worn)
   (You found it on level 2 of the Dungeon)
 v - the +3 cloak of the Slorg (worn) {Int+3 Dex+2}
   (You acquired it on level 4 of the Dungeon)

   Int:       It affects your intelligence (+3).
   Dex:       It affects your dexterity (+2).
 y - a +0 buckler (worn)
   (You found it on level 4 of the Dungeon)
 E - a +1 pair of boots of flying (worn)
   (You bought it in a shop on level 6 of the Dungeon)
Wands
 k - a wand of digging (1)
   (You found it on level 6 of the Dungeon)
 q - a wand of paralysis (12)
   (You found it on level 6 of the Dungeon)
 w - a wand of iceblast (15)
   (You found it on level 7 of the Dungeon)
Scrolls
 a - a scroll of magic mapping {!r}
 g - a scroll of immolation {!r!r}
 i - a scroll of blinking {!r}
 j - a scroll of identify {@r1}
 l - a scroll of fog
 o - a scroll of enchant weapon
 p - a scroll of teleportation {@r4}
 r - a scroll of enchant armour
 u - 2 scrolls of amnesia
Potions
 s - a potion of cancellation
 A - a potion of berserk rage {!q}
 B - a potion of might
 C - 2 potions of lignification {!q}
 D - 2 potions of attraction {!q}

Dungeon Overview and Level Annotations

Branches:
Dungeon (7/15)             Temple (1/1) D:5           Sewer (visited)
Ossuary (visited)

Altars:
Ashenzari
Cheibriados
Dithmenos
Gozag
Hepliaklqana
Kikubaaqudgha
Makhleb
Okawaru
Qazlal
Sif Muna
Trog
Uskayaw
Vehumet
Wu Jian
Yredelemnul
Zin
The Shining One

Shops:
D:6 *(*[[[

Annotations:
D:3 3 runed translucent doors, BeKind's ghost, amateur OpIE
D:6 exclusion: door

##...#.###. #.#
#....##.'. #.#
##.#..###. #.#
#[.#..##. #.#
##.##..#. ##.###
#.##....
#..ยง.#######.##.#..
#..ยง...............
#)@.).####....#.##.
#....cโ—‹D)..#
#......##.
5.###o.....#
#......##. #.#.##.#
#.....>... #.#.##.#
#....#.... #.#....#
#....#.... #
#########..[.#.[..
................
#########.[#####


You could see a steam dragon (catching breath), a centaur, an orc priest and an
ufetubus.


Message History

You are too injured to fight recklessly!
You are too injured to fight recklessly!
You are too injured to fight recklessly!
You are too injured to fight recklessly!
There are monsters nearby!
There are monsters nearby!
You are too injured to fight recklessly!
You are too injured to fight recklessly!
You are too injured to fight recklessly!
You are too injured to fight recklessly!
You are too injured to fight recklessly!
Unknown command.
You hit the orc warrior.
Stabbo hits the orc warrior but does no damage. ๐Ÿ˜• HP[+1]
You completely miss the orc warrior. The orc warrior closely misses you.
You hit the orc warrior.
Stabbo hits the orc warrior but does no damage.
The orc warrior hits you with a +0 scimitar!
You block the orc warrior's attack. ๐Ÿ˜ฎ HP[-15]
You take 15 damage, and now have 41/61 hp.
MASSIVE DAMAGE!! (PAUSE) Really quaff
A - 2 potions of berserk rage {!q}?
A red film seems to cover your vision as you go berserk!
You feel yourself moving faster!
You feel mighty!
Stabbo closely misses the orc warrior.
The orc warrior hits you with a +0 scimitar!
Your blood congeals into armour.
The orc warrior hits you with a +0 halberd!
* * * LOW HITPOINT WARNING * * *
The steam dragon closely misses Stabbo.
The steam dragon misses Stabbo. ๐Ÿ˜จ HP[-4]
You now have 91 max hp (+30).
Unknown command.
You hit the orc warrior.
Stabbo hits the orc warrior! ๐Ÿ˜จ HP[+1]
You hit the orc warrior.
Lightning courses through the orc warrior!
You kill the orc warrior!
The centaur wields a +0 shortbow.
The centaur shoots an arrow.
The arrow hits you.
* * * LOW HITPOINT WARNING * * *
The orc warrior hits you but does no damage.
The steam dragon bites Stabbo.
The steam dragon misses Stabbo. ๐Ÿ˜จ HP[-4]
You now have 93 max hp (+2).
You take 4 damage, and now have 34/93 hp.
You barely miss the orc warrior.
The centaur shoots an arrow.
The arrow hits you.
* * * LOW HITPOINT WARNING * * *
Stabbo hits the orc warrior. ๐Ÿ˜จ HP[-6]
You take 6 damage, and now have 28/93 hp.
You hit the orc warrior.
The orc priest calls upon Beogh to heal the orc warrior.
The orc warrior's wounds heal themselves!
The orc warrior hits you with a +0 scimitar.
* * * LOW HITPOINT WARNING * * *
The steam dragon bites Stabbo!
The steam dragon claws Stabbo.
The centaur shoots an arrow.
The arrow hits you but does no damage. ๐Ÿ˜ฑ HP[-6]
You take 6 damage, and now have 22/93 hp.
Unknown command.
You hit the orc warrior.
Stabbo hits the steam dragon but does no damage.
You barely miss the orc warrior.
The centaur shoots an arrow.
The arrow hits you but does no damage.
The orc warrior hits Stabbo with a +0 scimitar!!
The steam dragon bites Stabbo but does no damage.
The steam dragon closely misses Stabbo.
Unknown command.
You puncture the orc warrior!
The centaur shoots an arrow.
The arrow closely misses you.
Stabbo hits the orc warrior but does no damage.
The orc warrior barely misses you. The steam dragon breathes steam at you.
The ball of steam hits Stabbo!
Stabbo resists.
Stabbo is destroyed!
The ball of steam hits you!
* * * LOW HITPOINT WARNING * * *
You hear a shout! ๐Ÿ˜ฑ HP[-12]
You take 12 damage, and now have 10/93 hp.
Unknown command.
You puncture the orc warrior!
You are engulfed in a cloud of scalding steam.
The centaur shoots an arrow.
The arrow hits you.
* * * LOW HITPOINT WARNING * * *
๐Ÿ˜ฑ HP[-2]
You take 2 damage, and now have 8/93 hp.
You puncture the orc warrior!
You kill the orc warrior!
You are engulfed in a cloud of scalding steam.
An ufetubus comes into view.
The centaur shoots an arrow.
The arrow hits you but does no damage.
The orc priest invokes the aid of Beogh against you.
Beogh smites you!
You die...

Skill      XL: |  1  2  3  4  5  6  7  8  9 10 |
---------------+-------------------------------+-----
Short Blades   | 2 3 4 5 |  5.3
Evocations     | 1 2 3 4 5 |  5.1
Stealth        | 4 11 12 | 12.2
Fighting       | 10 11 | 11.0
Throwing       | |  1.7
Dodging        | |  0.8

Action                   |  1- 3 |  4- 6 |  7- 9 | 10-12 || total
-------------------------+-------+-------+-------+-------++-------
Melee: Dagger            |   142 |    90 |   102 |       ||   334
       Punch             |     1 |       |       |       ||     1
       Touch             |       |    14 |       |       ||    14
       Short sword       |       |       |   299 |   130 ||   429
Throw: Dart              |     2 |       |    11 |       ||    13
Invok: Ancestor Identity |       |       |       |     1 ||     1
 Abil: Evoke Invisibilit |       |     1 |     1 |     1 ||     3
Evoke: Wand              |       |       |     2 |       ||     2
  Use: Scroll            |     3 |       |    13 |     3 ||    19
       Potion            |     2 |       |    10 |     1 ||    13
 Stab: Sleeping          |    11 |     4 |    22 |    16 ||    53
       Invisible         |       |     2 |     2 |     2 ||     6
       Distracted        |       |       |     1 |       ||     1
       Paralysed         |       |       |     1 |       ||     1
Armor: Robe              |    50 |    39 |   127 |       ||   216
       Leather armour    |       |       |    19 |    35 ||    54
Dodge: Dodged            |    83 |    45 |   197 |    23 ||   348
Block: Buckler           |       |       |    69 |    14 ||    83

Levels and vault maps discovered:
D:1:      evilmike_arrival_hilbert_curve, layout_basic, minmay_pentomino_u2
D:2:      layout_basic, basic_altar
D:3:      layout_basic, mainiacjoe_overflow_brackets, lemuel_doored_altar,
          gammafunk_ghost_split, minivault_27, minmay_cupped
D:4:      layout_loops_ring, minmay_ruined_shrine
D:5:      layout_rooms, kennysheep_slug_shrine, minmay_temple_entry_sparse_star
D:6:      minmay_thick_lines, layout_basic, jmf_multi_god_temple,
          portal_sewer_entry_f, serial_shops, shop, shop, shop, shop, shop,
          minmay_misc_feat_doors, minmay_misc_feat_four_crosses,
          nicolae_good_shop, uniq_menkaure
D:7:      layout_basic, nicolae_ossuary_entry_giza, minivault_1,
          minmay_manual_monstrance
Temple:   minmay_temple_curvy_loop

Notes
Turn   | Place    | Note
-------+----------+-------------------------------------------
     0 | D:1      | spaghetti the Demonspawn Brigand began the quest for the
                  | Orb.
     0 | D:1      | Reached XP level 1. HP: 16/16 MP: 1/1
     0 | D:1      | magus.rc [v1.9.6]
    49 | D:1      | Reached skill level 2 in Short Blades
    67 | D:1      | magus.rc [v1.9.6]
   350 | D:1      | Identified a scroll of acquirement
   350 | D:1      | Acquired the +0 pair of gloves "Daerphyef" {+Inv Stlth+}
   433 | D:1      | Gained mutation: When seriously injured, your blood forms
                  | armour. (AC +9) [demonic ancestry]
   433 | D:1      | Reached XP level 2. HP: 21/22 MP: 2/2
  1228 | D:2      | Reached skill level 1 in Evocations
  1675 | D:2      | Reached XP level 3. HP: 27/27 MP: 3/3
  1679 | D:2      | Found a hazy altar of Hepliaklqana.
  1732 | D:2      | Reached skill level 4 in Stealth
  2303 | D:3      | Found a runed translucent gate.
  2303 | D:3      | Found a runed translucent gate.
  2303 | D:3      | Found a runed translucent gate.
  2303 | D:3      | Noticed BeKind's ghost (amateur OpIE)
  2735 | D:3      | Found an ornate altar of the Wu Jian Council.
  2904 | D:3      | Found a broken altar of Ashenzari.
  2912 | D:3      | Identified 2 potions of experience
  2912 | D:3      | Reached skill level 10 in Fighting
  2912 | D:3      | Gained mutation: Your touch may inflict minor irresistible
                  | damage on your foes. [demonic ancestry]
  2912 | D:3      | Reached XP level 4. HP: 25/48 MP: 4/4
  2928 | D:3      | Reached skill level 3 in Short Blades
  2928 | D:3      | Gained mutation: When seriously injured, your blood forms
                  | thick armour. (AC +9) [demonic ancestry]
  2928 | D:3      | Reached XP level 5. HP: 26/54 MP: 5/5
  3215 | D:3      | Reached skill level 2 in Evocations
  3748 | D:4      | Reached XP level 6. HP: 54/61 MP: 6/6
  4123 | D:4      | Gained mutation: You sometimes gain a little power by
                  | taking damage. [demonic ancestry]
  4123 | D:4      | Reached XP level 7. HP: 59/61 MP: 7/7
  4207 | D:4      | Gained mutation: You have hidden genetic defects. [potion
                  | of mutation]
  4207 | D:4      | Gained mutation: Armour fits poorly on your strangely
                  | shaped body. [potion of mutation]
  4207 | D:4      | Gained mutation: You have a pair of small horns on your
                  | head. [potion of mutation]
  4208 | D:4      | Lost mutation: You have hidden genetic defects. [potion of
                  | mutation]
  4208 | D:4      | Lost mutation: You have a pair of small horns on your head.
                  | [potion of mutation]
  4208 | D:4      | Lost mutation: Armour fits poorly on your strangely shaped
                  | body. [potion of mutation]
  4208 | D:4      | Gained mutation: Armour fits poorly on your strangely
                  | shaped body. [potion of mutation]
  4245 | D:4      | Reached skill level 3 in Evocations
  4262 | D:4      | Reached skill level 11 in Stealth
  4262 | D:4      | Gained mutation: Your touch may inflict irresistible damage
                  | on your foes. [demonic ancestry]
  4262 | D:4      | Reached XP level 8. HP: 46/69 MP: 8/8
  4378 | D:4      | Found a snail-covered altar of Cheibriados.
  4417 | D:4      | You pick up a book of Weapons and begin reading...
  4417 | D:4      | You add the spells Portal Projectile, Excruciating Wounds
                  | and Blade Hands to your library.
  4790 | D:4      | Acquired the +3 cloak of the Slorg {Int+3 Dex+2}
  4813 | D:5      | Entered Level 5 of the Dungeon
  4837 | D:5      | Found a snail-covered altar of Cheibriados.
  5018 | D:5      | Found a staircase to the Ecumenical Temple.
  5094 | D:5      | Reached skill level 4 in Short Blades
  5132 | Temple   | Entered the Ecumenical Temple
  6156 | D:2      | Became a worshipper of Hepliaklqana the Forgotten
  6359 | D:6      | Found a glowing drain.
  6386 | Sewer    | Entered a sewer
  6928 | D:6      | Reached XP level 9. HP: 38/67 MP: 9/9
  7190 | D:6      | Found Osaekyes's Antique Armour Shop.
  7229 | D:6      | Reached skill level 4 in Evocations
  7230 | D:6      | Bought a faintly glowing leather armour for 196 gold pieces
  7230 | D:6      | Identified the +0 leather armour of Masochism {rPois rC+
                  | rN+} (You bought it in a shop on level 6 of the Dungeon)
  7264 | D:6      | Found Bunnigu's Antique Armour Boutique.
  7290 | D:6      | Found an iron altar of Okawaru.
  7349 | D:6      | Found Fudall's Assorted Antiques.
  7445 | D:6      | Found Paretr Funu's Weapon Emporium.
  7461 | D:6      | Found Cuegar's Hallowed Reliquary.
  7461 | D:6      | Noticed an angel
  7501 | D:6      | Noticed a troll
  7517 | D:6      | Killed a troll
  7518 | D:6      | Reached skill level 12 in Stealth
  7816 | D:6      | Noticed a cyclops
  7830 | D:6      | Noticed Menkaure
  7832 | D:6      | Killed Menkaure
  8196 | D:6      | Killed a cyclops
  8383 | D:6      | Reached skill level 5 in Short Blades
  8386 | D:6      | Gained mutation: Your demonic aura sometimes causes spilled
                  | blood to erupt in flames. [demonic ancestry]
  8386 | D:6      | Reached XP level 10. HP: 37/68 MP: 8/10
  8395 | D:6      | Reached skill level 11 in Fighting
  8609 | D:6      | Reached * piety under Hepliaklqana
  8672 | D:6      | Found Quocw's Armour Shop.
  8695 | D:6      | Reached skill level 5 in Evocations
  8921 | D:7      | Found a sand-covered staircase.
  8929 | Ossuary  | Entered an ossuary
  9317 | D:6      | Bought a pair of embroidered boots for 157 gold pieces
  9490 | D:7      | HP: 22/93 [orc warrior/+0 scimitar (6)]
  9493 | D:7      | HP: 10/93 [steam dragon/ball of steam (12)]
  9495 | D:7      | Killed from afar by an orc priest

Vanquished Creatures
  A cyclops (D:6)
  A troll (D:6)
  6 yaks (D:6)
  Menkaure (D:6)
  A vampire mosquito (D:6)
  A water moccasin (D:6)
  An ice beast (D:7)
  2 orc warriors (D:7)
  A black bear (D:4)
  2 sky beasts
  A centaur (D:6)
  An ogre (D:5)
  An elf zombie (Ossuary)
  A phantom (D:6)
  2 bullfrogs (D:6)
  5 scorpions
  3 necrophages
  2 howler monkeys
  A centaur zombie (Ossuary)
  2 hounds
  5 orc priests
  A jelly (D:3)
  3 iguanas
  7 orc wizards
  2 mummies (Ossuary)
  4 gnolls (D:6)
  6 river rats (Sewer)
  15 adders
  2 shadow imps (D:7)
  A white imp (D:7)
  An ufetubus (D:6)
  3 adder zombies (Ossuary)
  2 worms
  A dart slug (D:5)
  30 orcs
  3 bats
  5 endoplasms
  4 giant cockroaches
  4 goblins
  11 hobgoblins
  6 jackals
  6 quokkas
  11 ball pythons
  3 frilled lizards
  4 goblin zombies
  5 hobgoblin zombies (Ossuary)
  7 kobolds
  14 kobold zombies (Ossuary)
  3 orc zombies (Ossuary)
  28 rats
  A rat zombie (Ossuary)
234 creatures vanquished.

Vanquished Creatures (collateral kills)
  A mummy (D:7)
  3 hobgoblin zombies
  3 kobold zombies (Ossuary)
  An orc zombie (Ossuary)
8 creatures vanquished.

Vanquished Creatures (others)
  An ancestor (D:7)
1 creature vanquished.

Grand Total: 243 creatures vanquished

Table legend:
 A = Non-vault XP
 B = Vault XP
 C = Vault XP percentage of total XP
 D = Non-vault monster count
 E = Vault monster count
 F = Vault count percentage of total count
                 A         B        C        D         E       F
            +---------+---------+-------+---------+---------+-------
      Total |    3765 |    2423 |  39.2 |     134 |     108 |  44.6
            +---------+---------+-------+---------+---------+-------
        D:1 |      18 |       1 |   5.3 |      13 |       1 |   7.1
        D:2 |      37 |       0 |   0.0 |      16 |       0 |   0.0
        D:3 |     110 |      48 |  30.4 |      20 |       4 |  16.7
        D:4 |     497 |      47 |   8.6 |      22 |       7 |  24.1
        D:5 |     679 |       4 |   0.6 |      32 |       1 |   3.0
        D:6 |    2077 |    1752 |  45.8 |      21 |      16 |  43.2
        D:7 |     347 |     162 |  31.8 |      10 |       4 |  28.6
      Sewer |       0 |     173 | 100.0 |       0 |      36 | 100.0
    Ossuary |       0 |     236 | 100.0 |       0 |      39 | 100.0
            +---------+---------+-------+---------+---------+-------

Illustrated notes

Table legend:
 A = Kills in this place as a percentage of kills in entire the game.
 B = Kills by you in this place as a percentage of kills by you in the entire game.
 C = Kills by friends in this place as a percentage of kills by friends in the entire game.
 D = Other kills in this place as a percentage of other kills in the entire game.
 E = Experience gained in this place as a percentage of experience gained in the entire game.
 F = Experience gained in this place divided by the number of levels of this place that you have seen.
                   A       B       C       D       E      F
               +-------+-------+-------+-------+-------+----------------------
         Total | 100.0 | 100.0 | 100.0 |   N/A | 100.0 | 618.8
       Dungeon |  69.0 |  70.5 |  25.0 |   N/A |  93.4 | 825.6
         Sewer |  14.9 |  15.4 |   0.0 |   N/A |   2.8 | 173.0
       Ossuary |  16.1 |  14.1 |  75.0 |   N/A |   3.8 | 236.0
               +-------+-------+-------+-------+-------+----------------------

Table legend: (Time is in decaauts)
 A = Elapsed time spent in this place.
 B = Non-inter-level travel time spent in this place.
 C = Inter-level travel time spent in this place.
 D = Time resting spent in this place.
 E = Time spent auto-exploring this place.
 F = Levels seen in this place.
 G = Mean time per level.
                   A        B        C        D        E       F      G
               +--------+--------+--------+--------+--------+-----+--------+
         Total |   9456 |   9022 |    434 |   2770 |   4489 |  10 |  945.6 |
       Dungeon |   8159 |   7747 |    412 |   2410 |   3941 |   7 | 1165.6 |
        Temple |    413 |    391 |     22 |    100 |    288 |   1 |  413.0 |
         Sewer |    567 |    567 |      0 |    215 |    125 |   1 |  567.0 |
       Ossuary |    317 |    317 |      0 |     45 |    135 |   1 |  317.0 |
               +--------+--------+--------+--------+--------+-----+--------+

Top non-repeatable levels by time:
     D:6: 2037 daAuts
     D:3: 1355 daAuts
     D:2: 1325 daAuts
     D:4: 1299 daAuts
     D:1: 967 daAuts
     D:5: 871 daAuts
   Sewer: 567 daAuts
  Temple: 413 daAuts
 Ossuary: 317 daAuts
     D:7: 302 daAuts
